 Dungeon Crawl Stone Soup version 0.19-a0-1895-g783e625 (console) character file.

2809 utis the Jinx (level 9, 55/55 HPs)
             Began as a Deep Elf Arcane Marksman on Oct 17, 2016.
             Was a Believer of Makhleb.
             Quit the game on level 6 of the Dungeon on Oct 18, 2016.
             The game lasted 00:45:17 (14601 turns).

utis the Jinx (Deep Elf Arcane Marksman)           Turns: 14601, Time: 00:45:18

Health: 55/55      AC:  8    Str: 11    XL:     9   Next: 44%
Magic:  13/13      EV: 14    Int: 19    God:    Makhleb [**....]
Gold:   348        SH:  0    Dex: 14    Spells: 4 memorised, 1 level left

rFire  . . .     SeeInvis .     b - +2 dagger (venom)
rCold  . . .     Gourm    .     S - +0 ring mail
rNeg   . . .     Faith    .     (no shield)
rPois  .         Spirit   .     J - +1 hat
rElec  .         Reflect  .     (no cloak)
rCorr  .         Harm     .     N - +0 pair of gloves
MR     .....                    K - +0 pair of boots
Stlth  +.........               (no amulet)
                                (no ring)
                                (no ring)

@: no status effects
A: no striking features
a: Minor Destruction, Renounce Religion


You were on level 6 of the Dungeon.
You worshipped Makhleb.
Makhleb was pleased with you.
You were not hungry.

You visited 1 branch of the dungeon, and saw 7 of its levels.

You collected 348 gold pieces.

Inventory:

Hand Weapons
 a - a +0 shortbow
 b - a +2 dagger of venom (weapon)
 m - a +0 short sword
 u - a +0 short sword of flaming
 R - a +1 dagger of venom
Missiles
 d - 55 arrows
 g - 8 tomahawks (quivered)
 h - 129 stones
 A - 62 sling bullets
 F - 16 poisoned needles
Armour
 e - a +0 robe
 v - a +0 scale mail
 I - a +0 leather armour
 J - a +1 hat (worn)
 K - a +0 pair of boots (worn)
 N - a +0 pair of gloves (worn)
 S - a +0 ring mail (worn)
Jewellery
 L - a cursed ring of loudness {unknown}
 O - an uncursed ring of stealth {unknown}
Wands
 x - a wand of confusion (30/48)
 V - a wand of teleportation (0/9) {@v4}
Scrolls
 r - 2 scrolls of enchant armour {unknown}
 t - a scroll of random uselessness {unknown}
 y - a scroll of fear {unknown}
 z - a scroll of recharging
 C - 2 scrolls of remove curse {unknown}
 D - 2 scrolls of enchant weapon {unknown}
 H - a scroll of immolation
 M - 2 scrolls of fog {unknown}
 P - 3 scrolls of identify {@r1}
Potions
 i - a potion of cancellation
 j - 2 potions of resistance
 n - 2 potions of degeneration {unknown}
 o - a potion of agility {unknown}
 p - 3 potions of curing {@q1}
 q - 2 potions of berserk rage {unknown}
 w - a potion of lignification {unknown}
 B - 2 potions of heal wounds {unknown}
 E - a potion of haste {unknown}
 G - 4 potions of brilliance {unknown}
 T - a potion of ambrosia {unknown}
 U - a potion of flight {unknown}
 W - a potion of invisibility {unknown}
Books
 c - a book of Debilitation

   Spells                             Type                      Level
   a - Corona                         Hexes                        1
   b - Slow                           Hexes                        2
   c - Gell's Gravitas                Hexes/Translocation          3
   d - Inner Flame                    Hexes/Fire                   3
   e - Cause Fear                     Hexes                        4
   f - Leda's Liquefaction            Hexes/Earth                  4
 Q - a book of Enchantments

   Spells                             Type                      Level
   a - Cause Fear                     Hexes                        4
   b - Yara's Violent Unravelling     Hexes/Transmutation          5
   c - Silence                        Hexes/Air                    5
   d - Deflect Missiles               Charms/Air                   6
   e - Discord                        Hexes                        8
Comestibles
 f - 2 bread rations {@e1}
 k - 3 beef jerkies {@e2}
 l - 13 fruits {@e2}
 s - 2 slices of pizza {@e2}


   Skills:
 - Level 6.1 Fighting
 - Level 3.5 Short Blades
 - Level 4.1 Bows
 - Level 8.3 Dodging
 - Level 1.5 Spellcasting
 + Level 9.7 Hexes


You had one spell level left.
You knew the following spells:

 Your Spells              Type           Power        Failure   Level  Hunger
a - Corona                Hex            #####..      1%          1    ##.....
v - Gell's Gravitas       Hex/Tloc       ###.......   21%         3    ####...
w - Slow                  Hex            #####...     1%          2    ###....
x - Cause Fear            Hex            #####.....   10%         4    #####..


Dungeon Overview and Level Annotations

Branches:
Dungeon (7/15)             Temple (0/1) D:5

Altars:
Cheibriados
Dithmenos
Fedhas
Hepliaklqana
Kikubaaqudgha
Makhleb
Nemelex Xobeh
Okawaru
Qazlal
Ru
Trog

Annotations:
D:3 1 runed door


Message History

You are starving!
There is an escape hatch in the floor here.
There is a stone staircase leading up here.
You climb upwards.
There is a stone staircase leading down here.
Wield which item (- for none, * to show all)? (? for menu, Esc to quit)
Okay, then.
You start eating one of the 3 bread rations {@e1}.
You continue eating. x2
You finish eating.
That bread ration really hit the spot!
You start resting.
HP restored.
Lua error: /dgldir/rcfiles/crawl-git/utis.rc:580: unexpected symbol near '#' Welcome back, utis the Deep Elf Arcane Marksman.
Blood and souls for Makhleb!
Press ? for a list of commands and other information.
Are you sure you want to abandon this character and quit the game? (Confirm with "yes".)
Okay, then.
Unknown command.
Are you sure you want to abandon this character and quit the game? (Confirm with "yes".)

░░░░░ ░.....░ ░░...░░ 8.?...8░
░░.░░░.░░ ░░.....░░
░.░░░░░.░░░░8...8░
░.░░......░░.....░░
░.░░.░░.░░░8.....8░ ░░░░░░░░
░░.░.░.░░ ░.....░ ░......░
░░...░░ ░8...8░ ░.░░░░.░ ░░.░░
░░e░░ ░░░░.░░░░.░ ░.░
░░░░░░░.......░.░ ░░░[░░░
░░.░.░░░░░......░ ░.....░
░.░.░ ░░░░.░░░ ░...░.░ ░.░'░░
░.░░░░░ ░...░.░ ░....░░
░...... ░...░.░ ░░.....░░
░.░░░░░ ░.....░░ ░░.......░░
░.....░
░░.░...░░░░.........░░░░...░.░


There were no monsters in sight!

Vanquished Creatures
  Joseph (D:7)
  Grinder (D:3)
  Menkaure (D:4)
  A water moccasin (D:5)
  2 phantoms
  4 orc warriors
  2 ice beasts
  An ogre (D:6)
  A bullfrog (D:7)
  3 scorpions
  A water moccasin skeleton (D:6)
  A howler monkey (D:6)
  A crimson imp (D:5)
  A bullfrog zombie (D:5)
  A jelly (D:5)
  2 hounds
  A centaur skeleton (D:6)
  4 orc priests
  An iguana (D:5)
  5 orc wizards
  5 worker ants
  4 gnolls (D:5)
  14 adders
  3 shadow imps
  2 oozes
  2 adder zombies
  6 worms
  2 dart slugs (D:1)
  9 leopard geckos
  34 orcs
  2 ball pythons
  7 giant cockroaches
  10 goblins
  7 hobgoblins
  11 jackals
  4 quokkas
  9 bats
  4 frilled lizards
  10 kobolds
  7 rats
187 creatures vanquished.

Notes
Turn   | Place    | Note
-------+----------+-------------------------------------------
     0 | D:1      | utis the Deep Elf Arcane Marksman began the quest for the Orb.
     0 | D:1      | Reached XP level 1. HP: 11/11 MP: 5/5
    79 | D:1      | Reached skill level 1 in Fighting
   296 | D:1      | Reached XP level 2. HP: 2/16 MP: 3/6
  1459 | D:1      | Reached XP level 3. HP: 13/20 MP: 5/7
  1829 | D:2      | Learned a level 2 spell: Slow
  1848 | D:2      | Reached skill level 5 in Hexes
  2475 | D:2      | Found an iron altar of Okawaru.
  3085 | D:2      | Reached XP level 4. HP: 26/26 MP: 4/8
  3759 | D:2      | Found a burning altar of Makhleb.
  3759 | D:2      | Found a faded altar of an unknown god.
  3774 | D:2      | Found a faded altar of an unknown god.
  3776 | D:2      | Found a faded altar of an unknown god.
  3778 | D:2      | Found a faded altar of an unknown god.
  3822 | D:2      | Became a worshipper of Makhleb the Destroyer
  4334 | D:3      | Learned a level 3 spell: Gell's Gravitas
  4884 | D:3      | Reached XP level 5. HP: 28/30 MP: 5/9
  4935 | D:3      | Noticed Grinder
  4943 | D:3      | Paralysed by Grinder for 4 turns
  4962 | D:3      | Killed Grinder
  4962 | D:3      | Reached skill level 6 in Hexes
  4962 | D:3      | Reached XP level 6. HP: 19/37 MP: 10/10
  5175 | D:3      | Found a runed door.
  5378 | D:3      | Reached skill level 1 in Short Blades
  5431 | D:3      | Found a stormy altar of Qazlal.
  5431 | D:3      | Found a sparkling altar of Nemelex Xobeh.
  5432 | D:3      | Found a shadowy altar of Dithmenos.
  6433 | D:4      | Noticed Menkaure
  6621 | D:3      | Reached * piety under Makhleb
  7032 | D:4      | Killed Menkaure
  7032 | D:4      | Reached XP level 7. HP: 18/41 MP: 11/11
  7909 | D:5      | Entered Level 5 of the Dungeon
  8809 | D:5      | Found a staircase to the Ecumenical Temple.
  9695 | D:5      | Reached skill level 5 in Dodging
  9917 | D:5      | Reached XP level 8. HP: 21/48 MP: 8/12
 10683 | D:6      | Learned a level 4 spell: Cause Fear
 11076 | D:6      | Reached skill level 5 in Fighting
 11440 | D:6      | Reached ** piety under Makhleb
 11715 | D:6      | Noticed a hill giant
 11760 | D:6      | Found a bloodstained altar of Trog.
 12497 | D:6      | Found a blossoming altar of Fedhas.
 12537 | D:6      | Found a sacrificial altar of Ru.
 12538 | D:6      | Found a hazy altar of Hepliaklqana.
 12541 | D:6      | Found an ancient bone altar of Kikubaaqudgha.
 12542 | D:6      | Found a snail-covered altar of Cheibriados.
 13385 | D:7      | Reached XP level 9. HP: 41/55 MP: 4/13
 13606 | D:7      | Noticed Joseph
 13794 | D:7      | Killed Joseph
 13794 | D:7      | Reached skill level 8 in Hexes
 14133 | D:7      | Reached skill level 9 in Hexes
 14601 | D:6      | Upgraded the game from 0.19-a0-1889-g9c603be to 0.19-a0-1895-g783e625
 14601 | D:6      | Quit the game

Vault maps used:
D:1:      minmay_arrival_stone_box, serial_bayou_pond_e
D:2:      chequers_temple_overflow_minitemple, okawaru_altar_gauntlet_db
D:3:      gammafunk_temple_overflow_claw, grunt_ministairs_4,
          minmay_misc_feat_tiny, uniq_grinder, uniq_crazy_yiuf_cottage
D:4:      first_bread, uniq_menkaure
D:6:      minitemple, nicolae_overflow_hidden_temple, lightli_corner_chamber
D:7:      uniq_joseph

Skill      XL: |  1  2  3  4  5  6  7  8  9 |
---------------+----------------------------+-----
Fighting       | 1 2 3 4 6 |  6.1
Hexes          | 5 6 9 |  9.7
Bows           | 3 4 |  4.1
Short Blades   | 3 |  3.5
Dodging        | 5 8 |  8.3
Spellcasting   | |  1.5

Action                   |  1- 3 |  4- 6 |  7- 9 || total
-------------------------+-------+-------+-------++-------
Melee: Short sword       |    79 |    52 |       ||   131
       Dagger            |       |   128 |   476 ||   604
 Fire: Shortbow          |    49 |    11 |    93 ||   153
Throw: Tomahawk          |     1 |     6 |     6 ||    13
 Cast: Corona            |    59 |    58 |    67 ||   184
       Slow              |     3 |    18 |    73 ||    94
       Gell's Gravitas   |       |       |     1 ||     1
Evoke: Wand              |       |     4 |       ||     4
  Use: Potion            |       |     2 |     1 ||     3
       Scroll            |       |     1 |     2 ||     3
 Stab: Sleeping          |     1 |     1 |       ||     2
  Eat: Chunk             |     7 |    16 |    27 ||    50
       Fruit             |       |       |     2 ||     2
       Bread ration      |       |       |     1 ||     1
Armor: Robe              |    15 |    17 |       ||    32
       Leather armour    |       |       |    49 ||    49
       Ring mail         |       |       |    11 ||    11
Dodge: Dodged            |    85 |    94 |   231 ||   410
